 Dungeon Crawl Stone Soup version 0.16-a0-3325-g64f94fb (webtiles) character file.

11256 BluebellGnoll the Covert (level 11, 0/54 HPs)
             Began as a Deep Elf Wizard on Dec 26, 2014.
             Was an Elder of Vehumet.
             Engulfed by a cloud of flame (5 damage)
             ... in a volcano on Dec 27, 2014.
             The game lasted 02:07:18 (14577 turns).

BluebellGnoll the Covert (Deep Elf Wizard)         Turns: 14577, Time: 02:07:19

Health: 0/54       AC: 10    Str:  4    XL:     11   Next: 46%
Magic:  24/32      EV: 18    Int: 32    God:    Vehumet [****..]
Gold:   635        SH:  0    Dex: 13    Spells: 7 memorised, 12 levels left

rFire  + . .     SeeInvis .     h - +4 dagger (pain)
rCold  . . .     Clarity  .     R - +2 robe
rNeg   . . .     SustAb   .     (no shield)
rPois  .         Gourm    .     G - +2 helmet {Int+3}
rElec  .         Spirit   .     (no cloak)
rCorr  .         Warding  .     q - +0 pair of gloves
rMut   .         Stasis   .     m - +1 pair of boots
MR     +....                    (no amulet)
Stlth  ++++......               E - ring of protection from fire
                                t - +2 ring of intelligence

@: somewhat resistant to hostile enchantments, stealthy
A: no striking features
a: Renounce Religion


You were in a volcano.
You worshipped Vehumet.
Vehumet was greatly pleased with you.
You were hungry.

You visited 3 branches of the dungeon, and saw 13 of its levels.
You also visited: Sewer and Volcano.

You collected 893 gold pieces.
You spent 258 gold pieces at shops.

Inventory:

Hand weapons
 h - a +4 dagger of pain (weapon)
 P - a +3 dagger of chaos
Missiles
 C - 6 throwing nets (quivered)
Armour
 m - a +1 pair of boots (worn)
 q - a +0 pair of gloves (worn)
 G - a +2 helmet of intelligence (worn)
 R - a +2 robe (worn)
Jewellery
 t - a +2 ring of intelligence (left hand)
 E - a ring of protection from fire (right hand)
 I - an uncursed ring of stealth
 U - the ring "Peutat" {rC+ Int+1}
   (You found it on level 9 of the Dungeon)

   [ring of protection from cold]

   It affects your intelligence (+1).
   It protects you from cold.
Magical devices
 a - a wand of lightning (6)
 f - a wand of enslavement (13)
 D - a wand of lightning (11)
 J - a wand of polymorph (11)
 S - a wand of disintegration (15)
 W - a wand of lightning (6)
Scrolls
 i - 2 scrolls of remove curse
 o - 3 scrolls of teleportation
 s - 6 scrolls of fog
 H - a scroll of blinking
 T - a scroll of fear
Potions
 e - 9 potions of curing
 g - 3 potions of haste
 k - a potion of mutation {unknown}
 n - 3 potions of heal wounds
 u - 2 potions of flight
 v - 3 potions of might
 w - 2 potions of ambrosia {unknown}
 x - a potion of invisibility {unknown}
 A - 3 potions of brilliance
 F - a potion of poison {unknown}
Comestibles
 r - 6 meat rations


   Skills:
 - Level 3.2 Short Blades
 - Level 3.5 Throwing
 - Level 10.3 Dodging
 - Level 10.7 Stealth
 * Level 10.2 Spellcasting
 * Level 7.5 Conjurations
   Level 1.1 Summonings
 - Level 1.1 Translocations
 - Level 9.3 Fire Magic
 - Level 1.6 Air Magic
 - Level 1.9 Poison Magic


You had 12 spell levels left.
You knew the following spells:

 Your Spells              Type           Power        Failure   Level  Hunger
a - Magic Dart            Conj           ####         1%          1    None
b - Blink                 Tloc           N/A          2%          2    None
c - Conjure Flame         Conj/Fire      ######..     1%          3    None
d - Static Discharge      Conj/Air       #####...     1%          3    None
f - Fireball              Conj/Fire      ######....   1%          5    ###....
g - Mephitic Cloud        Conj/Pois/Air  #####...     1%          3    None
z - Apportation           Tloc           ###.......   1%          1    None


Dungeon Overview and Level Annotations

Branches:
Dungeon (10/15)            Temple (1/1) D:5            Lair (2/8) D:8
    Orc (0/4) D:10

Altars:
Ashenzari
Cheibriados
Dithmenos
Elyvilon
Fedhas
Gozag
Kikubaaqudgha
Makhleb
Nemelex Xobeh
Okawaru
Qazlal
Ru
Sif Muna
Trog
Vehumet
Xom
Yredelemnul
Zin
The Shining One

Shops:
D:6 *[


Message History

Confirm with . or Enter, or press ? or * to list all spells.
The air around you crackles with electrical energy.
The fire elemental completely misses you.
The fire elemental closely misses you. x2
Casting: Static Discharge
Confirm with . or Enter, or press ? or * to list all spells.
Some blue arcs ground themselves harmlessly around you.
The fire elemental hits you. The fire elemental burns you! You resist.
The fire elemental misses you. The fire elemental hits you.
The fire elemental burns you! You resist. The fire elemental hits you.
The fire elemental burns you! You resist. The fire elemental hits you.
The fire elemental burns you! You resist.
* * * LOW HITPOINT WARNING * * *
Really walk into that cloud of flame?
You are engulfed in roaring flames.
You resist.
* * * LOW HITPOINT WARNING * * *
The fire elemental hits you. The fire elemental burns you! You resist.
* * * LOW HITPOINT WARNING * * *
You are engulfed in roaring flames.
You resist.
You die...

#..# ##.§## #.≈§.# # ###
##.≈≈.## .## ##.##
#§§§§§§# ##§.# #...##
##§§§§≈§## ..§.##
.≈≈..###.§≈§§≈≈.###§≈≈§.#
≈≈≈≈≈.##.≈≈≈≈≈≈.##E§≈§≈§+.
≈≈§≈≈≈.'#≈≈##≈≈#@§E≈§§≈≈##
≈§§≈≈##############≈≈§§≈#.
#≈#≈## ##§#### ##### ## .


You could see 2 fire elementals.

Vanquished Creatures
  Erolcha (D:8)
  A hill giant (D:10)
  Psyche (D:9)
  2 fire drakes (Lair:2)
  A wandering mushroom (D:8)
  2 trolls (D:10)
  A polar bear (Lair:1)
  A fire vortex (Volcano)
  Prince Ribbit (D:8)
  A hill giant zombie (D:10)
  8 yaks (D:10)
  Grum (D:10)
  4 hungry ghosts
  4 fire elementals (Volcano)
  A hippogriff (D:10)
  4 wolves
  2 soldier ants (D:8)
  3 orc warriors
  A porcupine (Lair:1)
  4 ogres
  3 ice beasts
  A yellow wasp (D:10)
  2 sky beasts
  7 centaurs
  2 crocodiles
  2 big kobolds (Sewer)
  A brain worm (D:8)
  Blork the orc (D:5)
  5 giant frogs
  3 scorpions (D:5)
  2 troll zombies (D:10)
  The ghost of Bael the Firebug, a weakling DsFE (Sewer)
  3 crimson imps
  10 killer bees
  A centaur zombie (D:9)
  A giant frog zombie (D:8)
  4 goliath beetles
  9 orc priests
  5 orc wizards
  7 hounds
  An iguana (D:9)
  9 worker ants
  A centaur skeleton (D:4)
  3 jellies
  A statue (D:5)
  A killer bee zombie (D:4)
  5 ogre zombies (D:10)
  2 hound zombies
  A worker ant zombie (D:9)
  2 river rats (Sewer)
  4 gnolls
  A giant mite (D:8)
  A shadow imp (D:5)
  A white imp (Lair:1)
  12 adders
  6 worms
  An adder skeleton (D:8)
  An adder zombie (D:8)
  6 giant geckos
  3 oozes
  23 orcs
  4 ball pythons
  2 bat skeletons (D:5)
  13 giant cockroaches
  12 goblins
  16 hobgoblins
  10 jackals
  20 bats
  A giant cockroach zombie (D:5)
  6 giant newts
  2 goblin skeletons (D:10)
  A goblin zombie (D:10)
  2 hobgoblin zombies (D:10)
  A jackal skeleton (D:5)
  25 kobolds
  6 orc skeletons (D:10)
  14 orc zombies (D:10)
  5 quokkas
  A quokka zombie (D:4)
  23 rats
  3 fungi
366 creatures vanquished.

Vanquished Creatures (collateral kills)
  A brain worm (D:8)
1 creature vanquished.

Vanquished Creatures (others)
  A fire vortex (Volcano)
  2 fungi (D:8)
3 creatures vanquished.

Grand Total: 370 creatures vanquished

Notes
Turn   | Place    | Note
--------------------------------------------------------------
     0 | D:1      | BluebellGnoll, the Deep Elf Wizard, began the quest for the Orb.
     0 | D:1      | Reached XP level 1. HP: 10/10 MP: 6/6
   169 | D:1      | Reached skill level 5 in Spellcasting
   217 | D:1      | Reached XP level 2. HP: 15/15 MP: 6/11
   225 | D:1      | Learned a level 2 spell: Blink
   457 | D:1      | Learned a level 2 spell: Repel Missiles
   812 | D:1      | Reached XP level 3. HP: 19/19 MP: 5/14
   875 | D:1      | Learned a level 3 spell: Conjure Flame
   879 | D:1      | Learned a level 3 spell: Mephitic Cloud
  1037 | D:2      | Found a bloodstained altar of Trog.
  1509 | D:2      | Reached XP level 4. HP: 20/24 MP: 15/18
  1761 | D:2      | Reached skill level 1 in Poison Magic
  1829 | D:2      | Reached skill level 1 in Air Magic
  2142 | D:3      | Found a glowing drain.
  2266 | Sewer    | Entered a sewer
  2288 | Sewer    | Noticed Bael's ghost (weakling DsFE)
  2293 | Sewer    | Killed Bael's ghost
  2293 | Sewer    | Reached XP level 5. HP: 28/28 MP: 12/20
  2460 | Sewer    | Reached skill level 6 in Spellcasting
  2518 | Sewer    | Noticed a big kobold
  2518 | Sewer    | Noticed a big kobold
  2535 | Sewer    | Killed a big kobold
  2585 | Sewer    | Killed a big kobold
  2585 | Sewer    | Reached XP level 6. HP: 14/32 MP: 14/22
  2749 | Sewer    | Reached skill level 7 in Spellcasting
  3055 | D:3      | Found a shattered altar of Ashenzari.
  4185 | D:4      | Reached XP level 7. HP: 34/36 MP: 17/25
  4408 | D:5      | Entered Level 5 of the Dungeon
  4441 | D:5      | Reached skill level 5 in Stealth
  4859 | D:5      | Found a sacrificial altar of Ru.
  4895 | D:5      | Found a bloodstained altar of Trog.
  4954 | D:5      | Reached skill level 1 in Short Blades
  4954 | D:5      | Reached skill level 5 in Dodging
  5230 | D:5      | Found a staircase to the Ecumenical Temple.
  5239 | Temple   | Entered the Ecumenical Temple
  5380 | D:5      | Found a radiant altar of Vehumet.
  5777 | D:5      | Noticed Blork the orc
  5788 | D:5      | Killed Blork the orc
  5788 | D:5      | Reached XP level 8. HP: 36/41 MP: 14/26
  6082 | D:5      | Became a worshipper of Vehumet
  6236 | D:6      | Found Pnalem's Armour Boutique.
  6408 | D:6      | Reached skill level 5 in Conjurations
  6414 | D:6      | Reached skill level 8 in Spellcasting
  6537 | D:6      | Bought a +2 helmet of intelligence for 258 gold pieces
  7108 | D:6      | Found Zin's Purification Station.
  7111 | D:6      | Found a glowing silver altar of Zin.
  7207 | D:6      | Learned a level 1 spell: Apportation
  7425 | D:7      | Acquired Vehumet's first power
  7425 | D:7      | Offered knowledge of Freeze by Vehumet.
  7751 | D:7      | Reached skill level 9 in Spellcasting
  8063 | D:8      | Noticed a wandering mushroom
  8097 | D:8      | Found a staircase to the Lair.
  8100 | D:8      | Killed a wandering mushroom
  8100 | D:8      | Reached XP level 9. HP: 45/45 MP: 0/29
  8185 | D:8      | Noticed Erolcha
  8285 | D:8      | Noticed Prince Ribbit
  8298 | D:8      | Killed Prince Ribbit
  9055 | D:8      | Killed Erolcha
  9055 | D:8      | Reached skill level 10 in Stealth
  9485 | D:8      | Reached XP level 10. HP: 50/50 MP: 15/30
  9566 | D:8      | Found an ancient bone altar of Kikubaaqudgha.
  9567 | D:8      | Found a shimmering altar of Xom.
  9592 | D:8      | Offered knowledge of Shock by Vehumet.
  9931 | D:9      | Reached skill level 10 in Dodging
 10167 | D:9      | Noticed Psyche
 10185 | D:9      | Killed Psyche
 10560 | D:9      | Found a bloodstained altar of Trog.
 10569 | D:9      | Got a scintillating iron ring
 10571 | D:9      | Identified the ring "Peutat" {rC+ Int+1} (You found it on level 9 of the Dungeon)
 10826 | D:10     | Entered Level 10 of the Dungeon
 10826 | D:10     | Noticed Grum
 10851 | D:10     | Found a staircase to the Orcish Mines.
 10852 | D:10     | Reached skill level 1 in Throwing
 10852 | D:10     | Reached skill level 1 in Fire Magic
 11349 | D:10     | Offered knowledge of Inner Flame by Vehumet.
 11382 | D:10     | Killed Grum
 11496 | D:10     | Upgraded the game from 0.16-a0-3308-g116f5c4 to 0.16-a0-3325-g64f94fb
 11502 | D:10     | Learned a level 5 spell: Fireball
 11697 | D:10     | Acquired Vehumet's second power
 11839 | D:10     | Reached skill level 5 in Fire Magic
 12319 | D:10     | Offered knowledge of Airstrike by Vehumet.
 12777 | D:10     | Acquired Vehumet's third power
 12784 | D:10     | Reached XP level 11. HP: 54/54 MP: 15/31
 12796 | D:10     | Offered knowledge of Static Discharge by Vehumet.
 13405 | D:10     | Noticed a hill giant
 13492 | D:10     | Killed a hill giant
 13843 | Lair:1   | Entered Level 1 of the Lair of Beasts
 14162 | Lair:2   | Found a dark tunnel.
 14175 | Volcano  | Entered a volcano
 14181 | Volcano  | Reached skill level 10 in Spellcasting
 14560 | Volcano  | Learned a level 3 spell: Static Discharge
 14577 | Volcano  | Engulfed by a cloud of flame

Action                   |  1- 3 |  4- 6 |  7- 9 | 10-12 || total
-------------------------+-------+-------+-------+-------++-------
Melee: Dagger            |    35 |    93 |    68 |   201 ||   397
 Cast: Magic Dart        |    84 |   175 |   432 |   415 ||  1106
       Repel Missiles    |     1 |       |       |       ||     1
       Mephitic Cloud    |       |     4 |    38 |    40 ||    82
       Conjure Flame     |       |     1 |    11 |    18 ||    30
       Fireball          |       |       |       |     7 ||     7
       Apportation       |       |       |       |     1 ||     1
       Static Discharge  |       |       |       |     3 ||     3
Evoke: Wand              |       |       |     8 |       ||     8
  Use: Scroll            |       |    14 |    10 |     2 ||    26
       Potion            |       |       |     2 |     1 ||     3
 Stab: Sleeping          |     1 |     4 |     3 |    10 ||    18
       Confused          |       |     2 |     7 |    10 ||    19
  Eat: Chunk             |     2 |     8 |    15 |    14 ||    39
       Pizza             |       |       |     1 |       ||     1
       Fruit             |       |       |       |     2 ||     2
